Sewer Rats vs River Frogs
Created - December 2, 2019 at 20:01
Goals
|
| Sewer Rats |
2 |
0 |
1 |
3 |
| River Frogs |
2 |
1 |
2 |
5 |
|
Shots
|
| Sewer Rats |
8 |
6 |
12 |
26 |
| River Frogs |
12 |
5 |
14 |
31 |
|
1st period
1. Sewer Rats , Vincent Trocheck 9 (Mark Mancari 12) at 0:08
2. Sewer Rats , Jonathan Marchessault 9 (Daniel Carr 10, Erik Condra 9) at 10:16
3. River Frogs , Christian Hanson 11 (Emerson Etem 12, Anthony Bitetto 15) at 14:38
4. River Frogs , Leon Draisaitl 10 (Emerson Etem 13, David Kolomatis 5) at 19:19
Penalties :
Aaron Ness (Lou) for Slashing (Minor) at 3:09, Jared McCann (Tol) for Hooking (Minor) at 14:19, Matt Calvert (Lou) for Interference (Minor) at 14:23, Mark Mancari (Tol) for Diving (Minor) at 19:36
2nd period
5. River Frogs , Anthony Bitetto 4 (Christian Hanson 22) at 0:04 (PP)
Penalties :
Emerson Etem (Lou) for Hooking (Minor) at 0:17, Justin Florek (Lou) for Boarding (Minor) at 16:53
3rd period
6. Sewer Rats , Dmitrij Jaskin 8 (Jared McCann 3, Joseph Blandisi 6) at 1:21
7. River Frogs , Matt Calvert 11 (Emerson Etem 14, Christian Hanson 23) at 6:57 (PP)
8. River Frogs , Leon Draisaitl 11 (Shea Theodore 2) at 17:25
Penalties :
Emerson Etem (Lou) for Holding (Minor) at 2:07, Tomas Tatar (Tol) for Roughing (Minor) at 6:52, Vincent Trocheck (Tol) for Roughing (Minor) at 7:06, Leon Draisaitl (Lou) for Hooking (Minor) at 13:25
Goalie Stats
Darcy Kuemper (Tol), 26 saves from 31 shots - (0.839), L, 2-4-1, 60:00 minutes
Thomas Greiss (Lou), 23 saves from 26 shots - (0.885), W, 3-4-0, 60:00 minutes
Players Stats for Sewer Rats
Player Name G A P +/- PIM S H SB GA TA FO MP PP MP PK MP
------------------------------------------------------------------------------------
Anthony Duclair 0 0 0 0 0 1 2 0 0 0 0/0 11:03 0:00 0:00
Connor Carrick 0 0 0 -1 0 0 0 0 0 0 0/0 6:07 0:00 0:00
Daniel Carr 0 1 1 1 0 0 1 0 0 1 0/0 17:39 4:29 0:29
Dmitrij Jaskin 1 0 1 0 0 6 1 0 0 0 0/0 8:20 0:09 0:00
Erik Condra 0 1 1 1 0 0 1 0 0 1 0/0 18:08 4:29 0:32
Jared McCann 0 1 1 0 2 0 0 0 0 0 1/4 7:09 0:00 0:00
Jarred Tinordi 0 0 0 1 0 0 1 1 0 1 0/0 24:54 6:07 1:41
Joel Edmundson 0 0 0 0 0 0 1 1 0 1 0/0 15:25 3:10 0:00
John Ramage 0 0 0 1 0 1 0 1 0 0 0/0 9:27 0:00 0:55
Jonathan Marchessault 1 0 1 1 0 2 3 1 0 1 4/14 17:19 4:29 0:09
Joseph Blandisi 0 1 1 0 0 1 0 0 0 0 0/0 7:10 0:00 0:00
Mark Mancari 0 1 1 -1 2 1 3 0 0 0 3/7 21:36 5:25 1:11
Martin Frk 0 0 0 0 0 4 0 1 0 0 1/1 12:38 0:12 0:00
Nick Cousins 0 0 0 0 0 1 1 0 0 1 1/7 13:20 0:02 1:21
Ryan Murphy 0 0 0 0 0 0 0 1 0 0 0/0 12:39 0:42 0:00
Stefan Elliott 0 0 0 -1 0 0 3 1 0 1 0/0 20:27 3:52 0:55
Steven Kampfer 0 0 0 1 0 2 2 2 0 0 0/0 24:54 6:07 1:41
Tomas Tatar 0 0 0 -1 2 3 2 1 1 0 1/1 21:35 5:21 1:30
Vincent Trocheck 1 0 1 0 2 4 3 1 2 1 17/30 19:28 5:21 0:00
Xavier Ouellet 0 0 0 -1 0 0 0 0 0 0 0/0 6:07 0:00 0:00
Players Stats for River Frogs
Player Name G A P +/- PIM S H SB GA TA FO MP PP MP PK MP
------------------------------------------------------------------------------------
Aaron Ness 0 0 0 0 2 0 1 0 0 0 0/0 17:08 0:52 2:46
Andrew Gordon 0 0 0 0 0 0 0 0 0 0 0/0 0:00 0:00 0:00
Anthony Bitetto 1 1 2 -1 0 5 0 2 1 0 0/0 26:54 1:44 5:48
Austin Watson 0 0 0 0 0 4 0 0 0 0 1/1 12:17 0:00 0:41
Beau Starrett 0 0 0 0 0 0 0 0 0 0 0/0 0:00 0:00 0:00
Borna Rendulic 0 0 0 0 0 1 3 0 1 0 2/2 11:25 0:00 0:00
Christian Hanson 1 2 3 0 0 2 3 1 0 1 15/25 19:09 1:40 5:10
David Kolomatis 0 1 1 0 0 0 0 0 0 0 0/0 10:24 0:00 0:06
Dillon Heatherington 0 0 0 1 0 0 0 1 0 0 0/0 4:22 0:00 0:00
Emerson Etem 0 3 3 1 4 0 0 0 1 0 0/1 20:43 1:40 3:00
Francis Perron 0 0 0 0 0 0 0 0 0 0 0/0 0:20 0:00 0:00
Jared Knight 0 0 0 0 0 2 0 0 0 0 1/5 13:24 0:00 1:13
Joakim Nordstrom 0 0 0 0 0 1 1 0 0 0 0/0 9:23 0:00 2:31
Justin Florek 0 0 0 -1 2 1 0 0 1 0 0/0 12:07 0:56 0:00
Leon Draisaitl 2 0 2 0 2 4 1 0 0 0 16/28 18:48 0:56 1:36
Mario Lucia 0 0 0 1 0 0 0 0 0 0 0/0 1:14 0:00 0:04
Matt Calvert 1 0 1 -1 2 4 4 1 0 0 1/1 19:51 1:39 2:27
Maxim Mamin 0 0 0 0 0 0 0 0 0 0 0/0 3:42 0:00 3:16
Morgan Rielly 0 0 0 0 0 1 0 1 0 0 0/0 10:57 0:00 0:39
Ondrej Kase 0 0 0 -1 0 0 0 0 0 0 0/0 12:02 0:56 0:00
Richard Nejezchleb 0 0 0 0 0 0 0 0 1 0 0/0 6:44 0:00 0:00
Ryan Fitzgerald 0 0 0 0 0 2 1 0 0 0 0/1 6:44 0:00 0:00
Shane Sims 0 0 0 0 0 2 0 1 2 1 0/0 18:20 0:52 4:05
Shea Theodore 0 1 1 1 0 0 0 0 0 0 0/0 5:08 0:00 0:46
Timothy Kunes 0 0 0 -1 0 2 0 1 1 1 0/0 26:54 1:44 5:48
3 Stars
1 - Christian Hanson (Lou)
2 - Leon Draisaitl (Lou)
3 - Anthony Bitetto (Lou)
Power Play
Sewer Rats - 0 on 6 Attempt(s) - 0.00%
River Frogs - 2 on 4 Attempt(s) - 50.00%
Penalty Kill
Sewer Rats - 2 on 4 Attempt(s) - 50.00%
- Score 0 goal in Penalty Kill
River Frogs - 6 on 6 Attempt(s) - 100.00%
- Score 0 goal in Penalty Kill
Team Stat
Sewer Rats - Hits : 24 - Faceoff Wins : 28 - Blocked Shots : 11 - Penalty Minutes : 8
River Frogs - Hits : 14 - Faceoff Wins : 36 - Blocked Shots : 8 - Penalty Minutes : 12
Official
Referees : Unknown
Linesman : Unknown
Game Notes
Joel Edmundson is injured at 6:37 of 3rd period (Left Hip)
Finance
Level 1 -- Attendance: 1337 (66.85%) -- Ticket Income $53,480
Level 2 -- Attendance: 801 (80.10%) -- Ticket Income $16,020
Total Attendance: 2138 (71.27%)
Total Ticket Income: $69,500
Other Income: $3,475
Total Income: $72,975
Sewer Rats
5 vs 5 Forward
Center Left Wing Right Wing Time % Phy DF OF
1 Vincent Trocheck Tomas Tatar Mark Mancari 40 1 2 2
2 Jonathan Marchessault Daniel Carr Erik Condra 30 1 2 2
3 Nick Cousins Anthony Duclair Martin Frk 20 1 2 2
4 Jared McCann Joseph Blandisi Dmitrij Jaskin 10 1 2 2
5 vs 5 Defense
Defense Defense Time % Phy DF OF
1 Jarred Tinordi Steven Kampfer 40 1 2 2
2 Stefan Elliott Joel Edmundson 30 1 2 2
3 Ryan Murphy John Ramage 20 1 2 2
4 Connor Carrick Xavier Ouellet 10 1 2 2
PowerPlay Forward
Center Left Wing Right Wing Time % Phy DF OF
1 Vincent Trocheck Tomas Tatar Mark Mancari 60 1 2 2
2 Jonathan Marchessault Daniel Carr Erik Condra 40 1 2 2
PowerPlay Defense
Defense Defense Time % Phy DF OF
1 Jarred Tinordi Steven Kampfer 60 1 2 2
2 Stefan Elliott Joel Edmundson 40 1 2 2
Penalty Kill 4 Players Forward
Center Wing Time % Phy DF OF
1 Mark Mancari Tomas Tatar 60 1 2 2
2 Vincent Trocheck Erik Condra 40 1 2 2
Penalty Kill 4 Players Defense
Defense Defense Time % Phy DF OF
1 Jarred Tinordi Steven Kampfer 60 1 2 2
2 Stefan Elliott Joel Edmundson 40 1 2 2
Penalty Kill - 3 Players Forward
Forward Time % Phy DF OF
1 Mark Mancari 60 1 2 2
2 Tomas Tatar 40 1 2 2
Penalty Kill - 3 Players Defense
Defense Defense Time % Phy DF OF
1 Jarred Tinordi Steven Kampfer 60 1 2 2
2 Stefan Elliott Joel Edmundson 40 1 2 2
4 vs 4 Forward
Center Wing Time % Phy DF OF
1 Mark Mancari Tomas Tatar 60 1 2 2
2 Vincent Trocheck Erik Condra 40 1 2 2
4 vs 4 Defense
Defense Defense Time % Phy DF OF
1 Jarred Tinordi Steven Kampfer 60 1 2 2
2 Stefan Elliott Joel Edmundson 40 1 2 2
Last Minutes Offensive
Center Left Wing Right Wing Defense Defense
Vincent Trocheck Tomas Tatar Mark Mancari Jarred Tinordi Steven Kampfer
Last Minutes Defensive
Center Left Wing Right Wing Defense Defense
Vincent Trocheck Tomas Tatar Mark Mancari Jarred Tinordi Steven Kampfer
Goaltenders
Starting : Darcy Kuemper
Backup : Marek Mazanek
Extra Forwards
Normal : Martin Frk, Dmitrij Jaskin, Nick Cousins - PP : Martin Frk, Dmitrij Jaskin - PK : Nick Cousins
Extra Defensemen
Normal : Ryan Murphy, John Ramage, Connor Carrick - PP : Ryan Murphy - PK : John Ramage, Connor Carrick
Penalty Shots
Mark Mancari, Tomas Tatar, Vincent Trocheck, Erik Condra, Jonathan Marchessault
Scratches
Dominik Kubalik (Healthy), Josh Archibald (Healthy), Jonathan Racine (Healthy), Tyler Motte (Healthy), Chris Calhan (Healthy)
Mark Friedman (Healthy), Michael Dal Colle (Healthy), Matteson Iacopelli (Healthy), Sergei Kostenko (Healthy), Antoine Bibeau (Healthy)
River Frogs
5 vs 5 Forward
Center Left Wing Right Wing Time % Phy DF OF
1 Leon Draisaitl Matt Calvert Emerson Etem 40 1 2 2
2 Christian Hanson Justin Florek Ondrej Kase 30 1 2 2
3 Jared Knight Austin Watson Borna Rendulic 20 1 2 2
4 Ryan Fitzgerald Joakim Nordstrom Richard Nejezchleb 10 1 2 2
5 vs 5 Defense
Defense Defense Time % Phy DF OF
1 Anthony Bitetto Timothy Kunes 40 1 2 2
2 Shane Sims Aaron Ness 30 1 2 2
3 David Kolomatis Morgan Rielly 20 1 2 2
4 Shea Theodore Dillon Heatherington 10 1 2 2
PowerPlay Forward
Center Left Wing Right Wing Time % Phy DF OF
1 Christian Hanson Matt Calvert Emerson Etem 60 1 2 2
2 Leon Draisaitl Justin Florek Ondrej Kase 40 1 2 2
PowerPlay Defense
Defense Defense Time % Phy DF OF
1 Anthony Bitetto Timothy Kunes 60 1 2 2
2 Shane Sims Aaron Ness 40 1 2 2
Penalty Kill 4 Players Forward
Center Wing Time % Phy DF OF
1 Christian Hanson Emerson Etem 60 1 2 2
2 Leon Draisaitl Matt Calvert 40 1 2 2
Penalty Kill 4 Players Defense
Defense Defense Time % Phy DF OF
1 Anthony Bitetto Timothy Kunes 60 1 2 2
2 Shane Sims Aaron Ness 40 1 2 2
Penalty Kill - 3 Players Forward
Forward Time % Phy DF OF
1 Christian Hanson 60 1 2 2
2 Emerson Etem 40 1 2 2
Penalty Kill - 3 Players Defense
Defense Defense Time % Phy DF OF
1 Anthony Bitetto Timothy Kunes 60 1 2 2
2 Shane Sims Aaron Ness 40 1 2 2
4 vs 4 Forward
Center Wing Time % Phy DF OF
1 Christian Hanson Emerson Etem 60 1 2 2
2 Leon Draisaitl Matt Calvert 40 1 2 2
4 vs 4 Defense
Defense Defense Time % Phy DF OF
1 Anthony Bitetto Timothy Kunes 60 1 2 2
2 Shane Sims Aaron Ness 40 1 2 2
Last Minutes Offensive
Center Left Wing Right Wing Defense Defense
Christian Hanson Matt Calvert Emerson Etem Anthony Bitetto Timothy Kunes
Last Minutes Defensive
Center Left Wing Right Wing Defense Defense
Christian Hanson Matt Calvert Emerson Etem Anthony Bitetto Timothy Kunes
Goaltenders
Starting : Thomas Greiss
Backup : Phoenix Copley
Extra Forwards
Normal : Mario Lucia, Francis Perron, Maxim Mamin - PP : Mario Lucia, Francis Perron - PK : Maxim Mamin
Extra Defensemen
Normal : David Kolomatis, Morgan Rielly, Shea Theodore - PP : David Kolomatis - PK : Morgan Rielly, Shea Theodore
Penalty Shots
Christian Hanson, Emerson Etem, Leon Draisaitl, Matt Calvert, Justin Florek
Scratches
None
% Time on Ice - Sewer Rats
Lines # - Real PCT - Wanted PCT - Time Play
Normal Forward
1 - 30% - 40% - 13:42
2 - 30% - 30% - 13:35
3 - 24% - 20% - 11:03
4 - 16% - 10% - 7:10
Normal Defense
1 - 35% - 40% - 15:45
2 - 33% - 30% - 15:06
3 - 19% - 20% - 8:32
4 - 13% - 10% - 6:07
PP Forward
1 - 55% - 60% - 5:28
2 - 45% - 40% - 4:31
PP Defense
1 - 61% - 60% - 6:07
2 - 39% - 40% - 3:52
PK Forward
1 - 79% - 60% - 2:04
2 - 21% - 40% - 0:32
PK Defense
1 - 65% - 60% - 1:41
2 - 35% - 40% - 0:55
PK3 Forward
1 - 0% - 60%
2 - 0% - 40%
PK3 Defense
1 - 0% - 60%
2 - 0% - 40%
44 Forward
1 - 77% - 60% - 1:29
2 - 23% - 40% - 0:26
44 Defense
1 - 70% - 60% - 1:21
2 - 30% - 40% - 0:34
Last Minute Offensive - 0:00
Last Minute Defensive - 0:00
Total
Forward - 60:00
Defense - 60:00
|
% Time on Ice - River Frogs
Lines # - Real PCT - Wanted PCT - Time Play
Normal Forward
1 - 33% - 40% - 15:06
2 - 27% - 30% - 12:15
3 - 25% - 20% - 11:25
4 - 15% - 10% - 6:44
Normal Defense
1 - 40% - 40% - 18:10
2 - 28% - 30% - 12:48
3 - 22% - 20% - 10:10
4 - 10% - 10% - 4:22
PP Forward
1 - 64% - 60% - 1:40
2 - 36% - 40% - 0:56
PP Defense
1 - 67% - 60% - 1:44
2 - 33% - 40% - 0:52
PK Forward
1 - 74% - 60% - 7:25
2 - 26% - 40% - 2:34
PK Defense
1 - 58% - 60% - 5:48
2 - 42% - 40% - 4:11
PK3 Forward
1 - 0% - 60%
2 - 0% - 40%
PK3 Defense
1 - 0% - 60%
2 - 0% - 40%
44 Forward
1 - 74% - 60% - 1:25
2 - 26% - 40% - 0:30
44 Defense
1 - 63% - 60% - 1:12
2 - 37% - 40% - 0:43
Last Minute Offensive - 0:00
Last Minute Defensive - 0:00
Total
Forward - 60:00
Defense - 60:00
|
Play-by-Play
1st period
0:01 of 1st period - Vincent Trocheck wins face-off versus Leon Draisaitl in neutral zone.
0:08 of 1st period - Snap shot by Vincent Trocheck.
0:08 of 1st period - Goal by Vincent Trocheck - Sewer Rats : 1 - River Frogs : 0.
0:09 of 1st period - Christian Hanson wins face-off versus Jonathan Marchessault in neutral zone.
0:34 of 1st period - Joel Edmundson is hit by Borna Rendulic.
0:42 of 1st period - Wrist shot by Borna Rendulic.
0:42 of 1st period - Stopped by Darcy Kuemper without a rebound.
0:43 of 1st period - Vincent Trocheck wins face-off versus Leon Draisaitl in Sewer Rats zone.
2:05 of 1st period - Snap shot by Nick Cousins.
2:05 of 1st period - Stopped by Thomas Greiss with a rebound.
2:51 of 1st period - Joakim Nordstrom is hit by Dmitrij Jaskin.
3:07 of 1st period - Slapshot by Martin Frk.
3:07 of 1st period - Stopped by Thomas Greiss with a rebound.
3:09 of 1st period - Minor Penalty to Aaron Ness for Slashing.
3:10 of 1st period - Christian Hanson wins face-off versus Vincent Trocheck in River Frogs zone.
5:09 of 1st period - Penalty to Aaron Ness is over, Aaron Ness is back on ice.
5:32 of 1st period - Snap shot by Austin Watson.
5:32 of 1st period - Shot Misses the Net.
6:34 of 1st period - Wrist shot by Austin Watson.
6:34 of 1st period - Stopped by Darcy Kuemper without a rebound.
6:35 of 1st period - Jared McCann wins face-off versus Jared Knight in Sewer Rats zone.
7:00 of 1st period - Leon Draisaitl is hit by Stefan Elliott and loses puck.
7:09 of 1st period - Snap shot by Matt Calvert.
7:09 of 1st period - Stopped by Darcy Kuemper with a rebound.
7:21 of 1st period - Slapshot by Anthony Bitetto.
7:21 of 1st period - Shot Blocked by Tomas Tatar.
8:16 of 1st period - Wrist shot by Jared Knight.
8:16 of 1st period - Stopped by Darcy Kuemper without a rebound.
8:17 of 1st period - Leon Draisaitl wins face-off versus Vincent Trocheck in Sewer Rats zone.
8:18 of 1st period - Wrist shot by Matt Calvert.
8:18 of 1st period - Deflect By Emerson Etem.
8:18 of 1st period - Shot Misses the Net.
8:18 of 1st period - Puck is out of play.
8:19 of 1st period - Vincent Trocheck wins face-off versus Leon Draisaitl in Sewer Rats zone.
8:51 of 1st period - Slapshot by Vincent Trocheck.
8:51 of 1st period - Shot Misses the Net.
9:18 of 1st period - Slapshot by Morgan Rielly.
9:18 of 1st period - Stopped by Darcy Kuemper with a rebound.
9:20 of 1st period - Slapshot by Morgan Rielly.
9:20 of 1st period - Shot Misses the Net.
9:40 of 1st period - Snap shot by Jonathan Marchessault.
9:40 of 1st period - Deflect By Emerson Etem.
9:40 of 1st period - Shot Misses the Net.
9:40 of 1st period - Puck is out of play.
9:41 of 1st period - Christian Hanson wins face-off versus Jonathan Marchessault in River Frogs zone.
9:48 of 1st period - Wrist shot by Justin Florek.
9:48 of 1st period - Deflect By Christian Hanson.
9:48 of 1st period - Shot Blocked by Jarred Tinordi.
9:48 of 1st period - Puck is out of play.
9:49 of 1st period - Christian Hanson wins face-off versus Jonathan Marchessault in Sewer Rats zone.
9:50 of 1st period - Snap shot by Justin Florek.
9:50 of 1st period - Stopped by Darcy Kuemper without a rebound.
9:51 of 1st period - Christian Hanson wins face-off versus Jonathan Marchessault in Sewer Rats zone.
10:16 of 1st period - Wrist shot by Jonathan Marchessault.
10:16 of 1st period - Goal by Jonathan Marchessault - Sewer Rats : 2 - River Frogs : 0.
10:17 of 1st period - Vincent Trocheck wins face-off versus Leon Draisaitl in neutral zone.
10:49 of 1st period - Slapshot by Shane Sims.
10:49 of 1st period - Stopped by Darcy Kuemper with a rebound.
11:18 of 1st period - Wrist shot by Martin Frk.
11:18 of 1st period - Stopped by Thomas Greiss without a rebound.
11:19 of 1st period - Leon Draisaitl wins face-off versus Vincent Trocheck in River Frogs zone.
11:32 of 1st period - Leon Draisaitl is hit by Mark Mancari and loses puck.
12:11 of 1st period - Backhand shot by Timothy Kunes.
12:11 of 1st period - Shot Blocked by Jonathan Marchessault.
12:13 of 1st period - Snap shot by Anthony Bitetto.
12:13 of 1st period - Deflect By Austin Watson.
12:13 of 1st period - Stopped by Darcy Kuemper with a rebound.
12:15 of 1st period - Snap shot by Timothy Kunes.
12:15 of 1st period - Stopped by Darcy Kuemper with a rebound.
12:36 of 1st period - Slapshot by Dmitrij Jaskin.
12:36 of 1st period - Shot Blocked by Dillon Heatherington.
13:13 of 1st period - Off-side.
13:14 of 1st period - Leon Draisaitl wins face-off versus Vincent Trocheck in neutral zone.
13:17 of 1st period - Wrist shot by Matt Calvert.
13:17 of 1st period - Shot Misses the Net.
14:04 of 1st period - Snap shot by Martin Frk.
14:04 of 1st period - Stopped by Thomas Greiss with a rebound.
14:19 of 1st period - Minor Penalty to Jared McCann for Hooking.
14:20 of 1st period - Christian Hanson wins face-off versus Mark Mancari in Sewer Rats zone.
14:23 of 1st period - Minor Penalty to Matt Calvert for Interference.
14:24 of 1st period - Mark Mancari wins face-off versus Christian Hanson in River Frogs zone.
14:24 of 1st period - Snap shot by Tomas Tatar.
14:24 of 1st period - Stopped by Thomas Greiss without a rebound.
14:25 of 1st period - Tomas Tatar wins face-off versus Christian Hanson in River Frogs zone.
14:36 of 1st period - Snap shot by Emerson Etem.
14:36 of 1st period - Shot Misses the Net.
14:38 of 1st period - Snap shot by Christian Hanson.
14:38 of 1st period - Goal by Christian Hanson - Sewer Rats : 2 - River Frogs : 1.
14:39 of 1st period - Christian Hanson wins face-off versus Mark Mancari in neutral zone.
16:18 of 1st period - Wrist shot by Vincent Trocheck.
16:18 of 1st period - Stopped by Thomas Greiss without a rebound.
16:19 of 1st period - Penalty to Jared McCann is over, Jared McCann is back on ice.
16:19 of 1st period - Leon Draisaitl wins face-off versus Jonathan Marchessault in River Frogs zone.
16:19 of 1st period - Leon Draisaitl is hit by Stefan Elliott.
16:23 of 1st period - Penalty to Matt Calvert is over, Matt Calvert is back on ice.
16:29 of 1st period - Snap shot by Leon Draisaitl.
16:29 of 1st period - Stopped by Darcy Kuemper with a rebound.
16:45 of 1st period - Timothy Kunes is hit by Joel Edmundson and loses puck.
17:14 of 1st period - Martin Frk is hit by Christian Hanson.
17:52 of 1st period - Off-side.
17:53 of 1st period - Leon Draisaitl wins face-off versus Jonathan Marchessault in neutral zone.
19:05 of 1st period - Icing by David Kolomatis.
19:06 of 1st period - Vincent Trocheck wins face-off versus Leon Draisaitl in River Frogs zone.
19:07 of 1st period - Snap shot by Tomas Tatar.
19:07 of 1st period - Shot Misses the Net.
19:19 of 1st period - Slapshot by Leon Draisaitl.
19:19 of 1st period - Goal by Leon Draisaitl - Sewer Rats : 2 - River Frogs : 2.
19:20 of 1st period - Vincent Trocheck wins face-off versus Christian Hanson in neutral zone.
19:36 of 1st period - Minor Penalty to Mark Mancari for Diving.
19:37 of 1st period - Christian Hanson wins face-off versus Nick Cousins in Sewer Rats zone.
19:45 of 1st period - Snap shot by Emerson Etem.
19:45 of 1st period - Shot Misses the Net.
19:55 of 1st period - Steven Kampfer is hit by Christian Hanson and loses puck.
Goals for this period are 2 for Sewer Rats vs 2 for River Frogs.
Shots for this period are 8 for Sewer Rats vs 12 for River Frogs.
2nd period
0:01 of 2nd period - Christian Hanson wins face-off versus Nick Cousins in neutral zone.
0:04 of 2nd period - Slapshot by Anthony Bitetto.
0:04 of 2nd period - Goal by Anthony Bitetto - Sewer Rats : 2 - River Frogs : 3.
0:05 of 2nd period - Vincent Trocheck wins face-off versus Leon Draisaitl in neutral zone.
0:17 of 2nd period - Minor Penalty to Emerson Etem for Hooking.
0:18 of 2nd period - Vincent Trocheck wins face-off versus Christian Hanson in River Frogs zone.
0:23 of 2nd period - Wrist shot by Mark Mancari.
0:23 of 2nd period - Deflect By Anthony Bitetto.
0:23 of 2nd period - Shot Misses the Net.
0:23 of 2nd period - Puck is out of play.
0:24 of 2nd period - Christian Hanson wins face-off versus Vincent Trocheck in River Frogs zone.
0:59 of 2nd period - Wrist shot by Daniel Carr.
0:59 of 2nd period - Shot Hit the Post.
1:48 of 2nd period - Off-side.
1:49 of 2nd period - Christian Hanson wins face-off versus Vincent Trocheck in neutral zone.
2:17 of 2nd period - Penalty to Emerson Etem is over, Emerson Etem is back on ice.
3:22 of 2nd period - Nick Cousins is hit by Matt Calvert and loses puck.
3:43 of 2nd period - Slapshot by Shane Sims.
3:43 of 2nd period - Stopped by Darcy Kuemper without a rebound.
3:44 of 2nd period - Borna Rendulic wins face-off versus Vincent Trocheck in Sewer Rats zone.
4:09 of 2nd period - Matt Calvert is hit by Erik Condra and loses puck.
4:36 of 2nd period - Wrist shot by Justin Florek.
4:36 of 2nd period - Deflect By Christian Hanson.
4:36 of 2nd period - Shot Blocked by Stefan Elliott.
4:36 of 2nd period - Puck is out of play.
4:37 of 2nd period - Leon Draisaitl wins face-off versus Vincent Trocheck in Sewer Rats zone.
5:02 of 2nd period - Ondrej Kase is hit by Jonathan Marchessault.
6:10 of 2nd period - Snap shot by Joakim Nordstrom.
6:10 of 2nd period - Shot Misses the Net.
7:45 of 2nd period - Snap shot by Joseph Blandisi.
7:45 of 2nd period - Stopped by Thomas Greiss with a rebound.
8:48 of 2nd period - Ryan Fitzgerald is hit by Anthony Duclair and loses puck.
9:11 of 2nd period - Timothy Kunes is hit by Tomas Tatar and loses puck.
9:39 of 2nd period - Snap shot by Joseph Blandisi.
9:39 of 2nd period - Shot Misses the Net.
9:41 of 2nd period - Snap shot by Dmitrij Jaskin.
9:41 of 2nd period - Stopped by Thomas Greiss without a rebound.
9:42 of 2nd period - Jonathan Marchessault wins face-off versus Christian Hanson in River Frogs zone.
9:45 of 2nd period - Snap shot by Jonathan Marchessault.
9:45 of 2nd period - Stopped by Thomas Greiss with a rebound.
9:57 of 2nd period - Wrist shot by Justin Florek.
9:57 of 2nd period - Shot Misses the Net.
10:09 of 2nd period - Emerson Etem is hit by Vincent Trocheck and loses puck.
10:50 of 2nd period - Joseph Blandisi is hit by Ryan Fitzgerald and loses puck.
10:59 of 2nd period - Snap shot by Richard Nejezchleb.
10:59 of 2nd period - Shot Misses the Net.
11:11 of 2nd period - Timothy Kunes is hit by Steven Kampfer and loses puck.
11:20 of 2nd period - Snap shot by Jonathan Marchessault.
11:20 of 2nd period - Deflect By Daniel Carr.
11:20 of 2nd period - Shot Blocked by Timothy Kunes.
11:20 of 2nd period - Puck is out of play.
11:21 of 2nd period - Vincent Trocheck wins face-off versus Leon Draisaitl in River Frogs zone.
11:22 of 2nd period - Wrist shot by Mark Mancari.
11:22 of 2nd period - Stopped by Thomas Greiss without a rebound.
11:23 of 2nd period - Leon Draisaitl wins face-off versus Vincent Trocheck in River Frogs zone.
11:23 of 2nd period - Leon Draisaitl is hit by Vincent Trocheck.
12:01 of 2nd period - Slapshot by Anthony Bitetto.
12:01 of 2nd period - Stopped by Darcy Kuemper with a rebound.
12:54 of 2nd period - Snap shot by Joseph Blandisi.
12:54 of 2nd period - Shot Blocked by Shane Sims.
12:56 of 2nd period - Slapshot by John Ramage.
12:56 of 2nd period - Deflect By Jared McCann.
12:56 of 2nd period - Shot Misses the Net.
12:56 of 2nd period - Puck is out of play.
12:57 of 2nd period - Leon Draisaitl wins face-off versus Jared McCann in River Frogs zone.
13:04 of 2nd period - Snap shot by Emerson Etem.
13:04 of 2nd period - Shot Misses the Net.
13:25 of 2nd period - Off-side.
13:26 of 2nd period - Vincent Trocheck wins face-off versus Christian Hanson in neutral zone.
14:59 of 2nd period - Slapshot by Leon Draisaitl.
14:59 of 2nd period - Shot Hit the Post.
15:15 of 2nd period - Christian Hanson is hit by Daniel Carr and loses puck.
15:32 of 2nd period - Snap shot by Martin Frk.
15:32 of 2nd period - Shot Blocked by Morgan Rielly.
15:50 of 2nd period - Wrist shot by Ryan Fitzgerald.
15:50 of 2nd period - Stopped by Darcy Kuemper with a rebound.
15:52 of 2nd period - Wrist shot by Ryan Fitzgerald.
15:52 of 2nd period - Deflect By Joakim Nordstrom.
15:52 of 2nd period - Shot Blocked by Steven Kampfer.
15:52 of 2nd period - Puck is out of play.
15:53 of 2nd period - Vincent Trocheck wins face-off versus Ryan Fitzgerald in Sewer Rats zone.
16:19 of 2nd period - Snap shot by Ryan Fitzgerald.
16:19 of 2nd period - Shot Misses the Net.
16:21 of 2nd period - Slapshot by Richard Nejezchleb.
16:21 of 2nd period - Shot Misses the Net.
16:25 of 2nd period - Snap shot by Ryan Fitzgerald.
16:25 of 2nd period - Stopped by Darcy Kuemper without a rebound.
16:26 of 2nd period - Leon Draisaitl wins face-off versus Jonathan Marchessault in Sewer Rats zone.
16:53 of 2nd period - Minor Penalty to Justin Florek for Boarding.
16:54 of 2nd period - Vincent Trocheck wins face-off versus Christian Hanson in River Frogs zone.
17:32 of 2nd period - Snap shot by Jonathan Marchessault.
17:32 of 2nd period - Shot Misses the Net.
18:53 of 2nd period - Penalty to Justin Florek is over, Justin Florek is back on ice.
18:58 of 2nd period - Off-side.
18:59 of 2nd period - Martin Frk wins face-off versus Jared Knight in neutral zone.
19:26 of 2nd period - Wrist shot by Dmitrij Jaskin.
19:26 of 2nd period - Stopped by Thomas Greiss with a rebound.
19:46 of 2nd period - Slapshot by Nick Cousins.
19:46 of 2nd period - Deflect By Martin Frk.
19:46 of 2nd period - Stopped by Thomas Greiss without a rebound.
19:47 of 2nd period - Leon Draisaitl wins face-off versus Vincent Trocheck in River Frogs zone.
19:52 of 2nd period - Matt Calvert is hit by Mark Mancari and loses puck.
Goals for this period are 0 for Sewer Rats vs 1 for River Frogs.
Shots for this period are 6 for Sewer Rats vs 5 for River Frogs.
3rd period
0:01 of 3rd period - Vincent Trocheck wins face-off versus Emerson Etem in neutral zone.
0:26 of 3rd period - Christian Hanson is hit by Jonathan Marchessault and loses puck.
0:49 of 3rd period - Stefan Elliott is hit by Borna Rendulic and loses puck.
1:00 of 3rd period - Snap shot by Austin Watson.
1:00 of 3rd period - Stopped by Darcy Kuemper with a rebound.
1:10 of 3rd period - Leon Draisaitl is hit by Stefan Elliott and loses puck.
1:15 of 3rd period - Snap shot by Joseph Blandisi.
1:15 of 3rd period - Shot Misses the Net.
1:17 of 3rd period - Snap shot by Jared McCann.
1:17 of 3rd period - Shot Misses the Net.
1:19 of 3rd period - Wrist shot by Dmitrij Jaskin.
1:19 of 3rd period - Stopped by Thomas Greiss with a rebound.
1:21 of 3rd period - Backhand shot by Dmitrij Jaskin.
1:21 of 3rd period - Goal by Dmitrij Jaskin - Sewer Rats : 3 - River Frogs : 3.
1:22 of 3rd period - Mark Mancari wins face-off versus Leon Draisaitl in neutral zone.
1:27 of 3rd period - Snap shot by Vincent Trocheck.
1:27 of 3rd period - Shot Blocked by Matt Calvert.
1:35 of 3rd period - Snap shot by Vincent Trocheck.
1:35 of 3rd period - Stopped by Thomas Greiss without a rebound.
1:36 of 3rd period - Vincent Trocheck wins face-off versus Leon Draisaitl in River Frogs zone.
1:41 of 3rd period - Wrist shot by Tomas Tatar.
1:41 of 3rd period - Shot Blocked by Anthony Bitetto.
1:43 of 3rd period - Snap shot by Tomas Tatar.
1:43 of 3rd period - Stopped by Thomas Greiss with a rebound.
1:45 of 3rd period - Slapshot by Vincent Trocheck.
1:45 of 3rd period - Stopped by Thomas Greiss without a rebound.
1:46 of 3rd period - Matt Calvert wins face-off versus Mark Mancari in River Frogs zone.
1:51 of 3rd period - Slapshot by Anthony Bitetto.
1:51 of 3rd period - Stopped by Darcy Kuemper without a rebound.
1:52 of 3rd period - Vincent Trocheck wins face-off versus Leon Draisaitl in Sewer Rats zone.
1:52 of 3rd period - Vincent Trocheck is hit by Matt Calvert.
2:07 of 3rd period - Minor Penalty to Emerson Etem for Holding.
2:08 of 3rd period - Christian Hanson wins face-off versus Vincent Trocheck in River Frogs zone.
2:08 of 3rd period - Christian Hanson is hit by Steven Kampfer.
2:33 of 3rd period - Erik Condra is hit by Joakim Nordstrom and loses puck.
3:58 of 3rd period - Timothy Kunes is hit by Tomas Tatar and loses puck.
4:07 of 3rd period - Penalty to Emerson Etem is over, Emerson Etem is back on ice.
4:15 of 3rd period - Snap shot by Dmitrij Jaskin.
4:15 of 3rd period - Stopped by Thomas Greiss with a rebound.
4:17 of 3rd period - Slapshot by John Ramage.
4:17 of 3rd period - Stopped by Thomas Greiss without a rebound.
4:18 of 3rd period - Leon Draisaitl wins face-off versus Jared McCann in River Frogs zone.
4:25 of 3rd period - Snap shot by Leon Draisaitl.
4:25 of 3rd period - Deflect By Ryan Murphy.
4:25 of 3rd period - Shot Blocked by John Ramage.
4:25 of 3rd period - Puck is out of play.
4:26 of 3rd period - Jonathan Marchessault wins face-off versus Leon Draisaitl in Sewer Rats zone.
4:26 of 3rd period - Jonathan Marchessault is hit by Matt Calvert.
4:29 of 3rd period - Icing by Daniel Carr.
4:30 of 3rd period - Leon Draisaitl wins face-off versus Jonathan Marchessault in Sewer Rats zone.
4:33 of 3rd period - Snap shot by Leon Draisaitl.
4:33 of 3rd period - Shot Misses the Net.
5:25 of 3rd period - Icing by Stefan Elliott.
5:26 of 3rd period - Leon Draisaitl wins face-off versus Nick Cousins in Sewer Rats zone.
5:39 of 3rd period - Nick Cousins is hit by Leon Draisaitl and loses puck.
6:00 of 3rd period - Icing by Stefan Elliott.
6:01 of 3rd period - Austin Watson wins face-off versus Nick Cousins in Sewer Rats zone.
6:10 of 3rd period - Slapshot by Borna Rendulic.
6:10 of 3rd period - Shot Misses the Net.
6:25 of 3rd period - Slapshot by Nick Cousins.
6:25 of 3rd period - Shot Misses the Net.
6:35 of 3rd period - Wrist shot by Borna Rendulic.
6:35 of 3rd period - Shot Blocked by Martin Frk.
6:37 of 3rd period - Snap shot by Borna Rendulic.
6:37 of 3rd period - Shot Blocked by Joel Edmundson.
6:37 of 3rd period - Joel Edmundson from Sewer Rats is injured at 6:37 of 3rd period (Left Hip).
6:38 of 3rd period - Leon Draisaitl wins face-off versus Vincent Trocheck in Sewer Rats zone.
6:43 of 3rd period - Wrist shot by Matt Calvert.
6:43 of 3rd period - Shot Misses the Net.
6:45 of 3rd period - Snap shot by Leon Draisaitl.
6:45 of 3rd period - Shot Misses the Net.
6:47 of 3rd period - Snap shot by Matt Calvert.
6:47 of 3rd period - Stopped by Darcy Kuemper with a rebound.
6:52 of 3rd period - Minor Penalty to Tomas Tatar for Roughing.
6:53 of 3rd period - Christian Hanson wins face-off versus Mark Mancari in Sewer Rats zone.
6:55 of 3rd period - Wrist shot by Emerson Etem.
6:55 of 3rd period - Shot Blocked by Steven Kampfer.
6:57 of 3rd period - Wrist shot by Matt Calvert.
6:57 of 3rd period - Goal by Matt Calvert - Sewer Rats : 3 - River Frogs : 4.
6:58 of 3rd period - Leon Draisaitl wins face-off versus Vincent Trocheck in neutral zone.
7:06 of 3rd period - Minor Penalty to Vincent Trocheck for Roughing.
7:07 of 3rd period - Mark Mancari wins face-off versus Christian Hanson in Sewer Rats zone.
9:06 of 3rd period - Penalty to Vincent Trocheck is over, Vincent Trocheck is back on ice.
9:09 of 3rd period - Icing by Emerson Etem.
9:10 of 3rd period - Christian Hanson wins face-off versus Jared McCann in River Frogs zone.
9:26 of 3rd period - Icing by Borna Rendulic.
9:27 of 3rd period - Jonathan Marchessault wins face-off versus Jared Knight in River Frogs zone.
9:42 of 3rd period - Wrist shot by Jared Knight.
9:42 of 3rd period - Shot Blocked by Ryan Murphy.
10:25 of 3rd period - Slapshot by Stefan Elliott.
10:25 of 3rd period - Shot Blocked by Anthony Bitetto.
10:38 of 3rd period - Off-side.
10:39 of 3rd period - Vincent Trocheck wins face-off versus Leon Draisaitl in neutral zone.
10:42 of 3rd period - Matt Calvert is hit by Vincent Trocheck and loses puck.
11:16 of 3rd period - Slapshot by Aaron Ness.
11:16 of 3rd period - Shot Blocked by Vincent Trocheck.
11:18 of 3rd period - Snap shot by Joakim Nordstrom.
11:18 of 3rd period - Stopped by Darcy Kuemper with a rebound.
11:32 of 3rd period - Justin Florek is hit by Anthony Duclair and loses puck.
11:51 of 3rd period - Slapshot by Dmitrij Jaskin.
11:51 of 3rd period - Stopped by Thomas Greiss with a rebound.
11:57 of 3rd period - Wrist shot by Joseph Blandisi.
11:57 of 3rd period - Shot Misses the Net.
12:21 of 3rd period - Icing by Emerson Etem.
12:22 of 3rd period - Leon Draisaitl wins face-off versus Jonathan Marchessault in River Frogs zone.
12:29 of 3rd period - Steven Kampfer is hit by Matt Calvert and loses puck.
12:47 of 3rd period - Snap shot by Vincent Trocheck.
12:47 of 3rd period - Shot Misses the Net.
13:05 of 3rd period - Martin Frk is hit by Borna Rendulic and loses puck.
13:25 of 3rd period - Minor Penalty to Leon Draisaitl for Hooking.
13:26 of 3rd period - Vincent Trocheck wins face-off versus Christian Hanson in River Frogs zone.
13:29 of 3rd period - Slapshot by Tomas Tatar.
13:29 of 3rd period - Stopped by Thomas Greiss with a rebound.
13:52 of 3rd period - Timothy Kunes is hit by Jarred Tinordi.
14:36 of 3rd period - Slapshot by Erik Condra.
14:36 of 3rd period - Shot Misses the Net.
15:25 of 3rd period - Penalty to Leon Draisaitl is over, Leon Draisaitl is back on ice.
15:27 of 3rd period - Backhand shot by Leon Draisaitl.
15:27 of 3rd period - Stopped by Darcy Kuemper with a rebound.
15:35 of 3rd period - Anthony Bitetto is hit by Nick Cousins and loses puck.
15:46 of 3rd period - Slapshot by Timothy Kunes.
15:46 of 3rd period - Stopped by Darcy Kuemper with a rebound.
15:48 of 3rd period - Slapshot by Matt Calvert.
15:48 of 3rd period - Stopped by Darcy Kuemper with a rebound.
16:06 of 3rd period - Wrist shot by Leon Draisaitl.
16:06 of 3rd period - Shot Misses the Net.
16:08 of 3rd period - Slapshot by Jared Knight.
16:08 of 3rd period - Stopped by Darcy Kuemper without a rebound.
16:09 of 3rd period - Christian Hanson wins face-off versus Nick Cousins in Sewer Rats zone.
17:25 of 3rd period - Snap shot by Leon Draisaitl.
17:25 of 3rd period - Goal by Leon Draisaitl - Sewer Rats : 3 - River Frogs : 5.
17:26 of 3rd period - Nick Cousins wins face-off versus Jared Knight in neutral zone.
17:37 of 3rd period - Snap shot by Jared Knight.
17:37 of 3rd period - Shot Misses the Net.
17:39 of 3rd period - Slapshot by Anthony Bitetto.
17:39 of 3rd period - Stopped by Darcy Kuemper with a rebound.
17:41 of 3rd period - Snap shot by Austin Watson.
17:41 of 3rd period - Stopped by Darcy Kuemper with a rebound.
18:10 of 3rd period - Anthony Bitetto is hit by Mark Mancari and loses puck.
18:17 of 3rd period - Slapshot by Anthony Bitetto.
18:17 of 3rd period - Stopped by Darcy Kuemper without a rebound.
18:18 of 3rd period - Borna Rendulic wins face-off versus Nick Cousins in Sewer Rats zone.
18:27 of 3rd period - Snap shot by Jared Knight.
18:27 of 3rd period - Shot Misses the Net.
18:43 of 3rd period - Jarred Tinordi is hit by Aaron Ness and loses puck.
18:58 of 3rd period - Snap shot by Anthony Duclair.
18:58 of 3rd period - Stopped by Thomas Greiss with a rebound.
19:00 of 3rd period - Backhand shot by Steven Kampfer.
19:00 of 3rd period - Stopped by Thomas Greiss with a rebound.
19:06 of 3rd period - Snap shot by Anthony Duclair.
19:06 of 3rd period - Shot Blocked by Christian Hanson.
19:08 of 3rd period - Snap shot by Steven Kampfer.
19:08 of 3rd period - Stopped by Thomas Greiss without a rebound.
19:09 of 3rd period - Jared Knight wins face-off versus Jonathan Marchessault in River Frogs zone.
19:09 of 3rd period - Jared Knight is hit by Jonathan Marchessault.
19:43 of 3rd period - Wrist shot by Christian Hanson.
19:43 of 3rd period - Stopped by Darcy Kuemper without a rebound.
19:44 of 3rd period - Jonathan Marchessault wins face-off versus Christian Hanson in Sewer Rats zone.
19:57 of 3rd period - Steven Kampfer is hit by Christian Hanson and loses puck.
Goals for this period are 1 for Sewer Rats vs 2 for River Frogs.
Shots for this period are 12 for Sewer Rats vs 14 for River Frogs.
Back to the Top